 Dungeon Crawl Stone Soup version 0.32-a0-558-g233958a4c4 (webtiles) character file.

Game seed: 546071373014563564

1097 mopl the Slasher (level 8, -2/57 HPs)
             Began as a Formicid Warper on Feb 29, 2024.
             Killed from afar by an acid dragon (16 damage)
             ... with a splash of acid
             ... on level 6 of the Dungeon.
             The game lasted 00:04:48 (3678 turns).

mopl the Slasher (Formicid Warper)                  Turns: 3678, Time: 00:04:48

Health: -2/57      AC:  5    Str: 17      XL:     8   Next: 57%
Magic:  14/14      EV: 10    Int: 17 (18) God:
Gold:   293        SH:  0    Dex: 13      Spells: 9/15 levels left

rFire   . . .        b - +2 short sword (venom)
rCold   . . .        (no shield)
rNeg    + . .        t - +3 scale mail of the Unseen Realm {rN+ Int+4 Slay+6}
rPois   .            (helmet unavailable)
rElec   .            (no cloak)
rCorr   .            (no gloves)
SInv    +            (no boots)
Will    .....        q - amulet of regeneration Stlth
                     d - ring of wizardry
HPRegen 1.09/turn    w - ring of wizardry
MPRegen 0.14/turn

%: wizardry (x2)
@: corroded
A: permanent stasis, dig shafts and tunnels, antennae 3, four strong arms
a: Dig, Shaft Self


You were on level 6 of the Dungeon.
You visited 1 branch of the dungeon, and saw 6 of its levels.

You collected 293 gold pieces.

Inventory:

Hand Weapons
 a - a +0 falchion
 b - a +2 short sword of venom (weapon)
 v - a +3 flail of draining
 y - a +0 arbalest
Missiles
 c - 7 darts of dispersal
 x - 3 poisoned darts (quivered)
 C - 2 boomerangs
Armour
 o - the orb of a Thousand Flying Yaks {*channel, Regen+ Str-5 Conj}
   (You took it off a kobold on level 2 of the Dungeon)

   Str-5:     It affects your strength (-5).
   Regen+:    It increases your rate of health regeneration.
   Conj:      It increases the power of your Conjurations spells.
 t - the +3 scale mail of the Unseen Realm (worn) {rN+ Int+4 Slay+6}
   (You found it on level 3 of the Dungeon)

   Int+4:     It affects your intelligence (+4).
   Slay+6:    It affects your accuracy & damage with ranged weapons and melee
   (+6).
   rN+:       It protects you from negative energy.
Jewellery
 d - a ring of wizardry (left hand)
 f - an amulet of reflection
 q - an amulet of regeneration (around neck)
 w - a ring of wizardry (right hand)
Wands
 A - a wand of flame (16)
Scrolls
 e - a scroll of blinking {unknown}
 j - 5 scrolls of identify {unknown}
 k - a scroll of summoning {unknown}
 m - a scroll of enchant armour {unknown}
 n - 7 scrolls of teleportation {unknown}
 s - 3 scrolls of immolation {unknown}
 u - a scroll of amnesia {unknown}
 z - a scroll of fog {unknown}
 B - a scroll of torment {unknown}
Potions
 g - a potion of enlightenment {unknown}
 h - 3 potions of heal wounds {unknown}
 i - 3 potions of cancellation {unknown}
 l - a potion of attraction {unknown}
 p - 6 potions of curing {unknown}
 r - 3 potions of lignification {unknown}


   Skills:
 - Level 2.4 Fighting
 + Level 6.5 Long Blades
 - Level 1.1 Throwing
 - Level 1.3 Armour
 - Level 1.8 Dodging
 - Level 4.0 Spellcasting
 + Level 6.2 Translocations


You had 9 spell levels left.
You knew the following spells:

 Your Spells              Type           Power      Damage    Failure   Level
a - Manifold Assault      Tloc           24%        N/A       11%         4
b - Lesser Beckoning      Tloc           48%        N/A       1%          2

Your spell library contained the following spells:

 Spells                   Type           Power      Damage    Failure   Level
 Teleport Other           Tloc           24%        N/A       3%          3
 Summon Small Mammal      Summ           12%        N/A       14%         1
 Call Canine Familiar     Summ           3%         N/A       36%         3
 Summon Blazeheart Golem  Fire/Summ      3%         N/A       75%         4
 Blink                    Tloc           Unusable   N/A       N/A         2
 Vhi's Electric Charge    Tloc/Air       Unusable   N/A       N/A         4

Dungeon Overview and Level Annotations

Branches:
Dungeon (6/15)
 Temple: D:4-7

Altars:
Dithmenos


Innate Abilities, Weirdness & Mutations

You cannot be hasted, slowed, berserked, paralysed or teleported.
You can dig through walls and to a lower floor.
You have a pair of large antennae on your head. (SInv)
Your four strong arms can wield two-handed weapons with a shield.


Message History

You kill the hound!
You see here a +0 robe.
You are no longer corroded.
HP restored.
Things that are here:
a +0 leather armour; a +4 heavy mace; an orc skeleton
There is an open door here.
There is a stone staircase leading down here.
You climb downwards.
Found a fizzy yellow potion.
There is a stone staircase leading up here.
Saving game... please wait.
Welcome back, mopl the Formicid Warper.
Press ? for a list of commands and other information.
r - 3 fizzy yellow potions (gained 1)
Found a stone staircase leading up.
Found 3 stones.
The acid dragon roars!
You hear an angry hiss.
An acid dragon is nearby!
The acid dragon spits acid at you. The splash of acid hits you!
You start resting.
You sense a monster nearby.
A two-headed ogre comes into view.
It is wielding a +0 giant club and a +0 giant spiked club.
The two-headed ogre shouts in stereo!
You start removing your amulet.
You continue removing your amulet of regeneration. x2
The acid dragon bites you! The acid dragon barely misses you.
The two-headed ogre completely misses you.
The two-headed ogre hits you with a +0 giant spiked club!
You continue removing your amulet of regeneration.
The acid dragon spits acid at you. The splash of acid hits you!!
* * * LOW HITPOINT WARNING * * *
The acid corrodes you!
You continue removing your amulet of regeneration.
The two-headed ogre barely misses you. The two-headed ogre closely misses you.
The acid dragon spits acid at you. The splash of acid hits you!
You die...

#.......#......
#.............. ####
###............
#..#####..............
##....#.....D..........
#...........#..........
##..........##.........
#.........D###.........
###........@###........
##.......O.......D!..
#.........##........
##.........###.......
#..........., .(.....
..[ ##...........
....... ...
#............ ... ###
###.......#..## ...
##.###...###..## ..5


You could see a two-headed ogre and an acid dragon (catching breath).

Vanquished Creatures
  Edmund (D:4)
  3 ogres
  Blork the orc (D:5)
  3 killer bees (D:5)
  2 bombardier beetles (D:4)
  4 hounds (D:5)
  A gnoll bouda (D:5)
  2 orc priests (D:4)
  Jessica (D:2)
  2 iguanas
  4 gnolls (D:5)
  5 adders
  A shadow imp (D:5)
  A white imp (D:5)
  4 dart slugs
  A ribbon worm (D:2)
  4 orcs
  6 ball pythons
  6 endoplasms
  8 giant cockroaches
  4 goblins
  10 hobgoblins
  3 jackals (D:2)
  4 quokkas
  7 bats
  2 frilled lizards
  6 kobolds
  2 rats
98 creatures vanquished.

Notes
Turn   | Place    | Note
-------+----------+-------------------------------------------
     0 | D:1      | mopl the Formicid Warper began the quest for the Orb.
     0 | D:1      | Reached XP level 1. HP: 16/16 MP: 3/3
   102 | D:1      | Reached XP level 2. HP: 23/23 MP: 5/5
   783 | D:1      | Reached XP level 3. HP: 28/28 MP: 6/6
   862 | D:1      | Learned a level 2 spell: Lesser Beckoning
   872 | D:2      | Found a shadowy altar of Dithmenos.
  1048 | D:2      | Identified the orb of a Thousand Flying Yaks {*channel,
                  | Regen+ Str-5 Conj}
  1183 | D:2      | Found a faded altar of an unknown god.
  1316 | D:2      | Reached skill level 3 in Translocations
  1685 | D:2      | Noticed Jessica
  1693 | D:2      | Killed Jessica
  1694 | D:2      | Reached XP level 4. HP: 24/34 MP: 6/8
  1711 | D:2      | Learned a level 4 spell: Manifold Assault
  1848 | D:3      | Reached skill level 3 in Spellcasting
  1875 | D:3      | Reached skill level 3 in Long Blades
  1923 | D:3      | Reached XP level 5. HP: 39/39 MP: 9/9
  1947 | D:3      | Identified the +3 scale mail of the Unseen Realm {rN+ Int+4
                  | Slay+6}
  2406 | D:4      | Noticed Edmund
  2428 | D:4      | Killed Edmund
  2429 | D:4      | Reached skill level 4 in Translocations
  2429 | D:4      | Reached XP level 6. HP: 34/46 MP: 11/11
  2509 | D:4      | Reached skill level 4 in Spellcasting
  2533 | D:4      | Reached skill level 4 in Long Blades
  2553 | D:4      | Reached XP level 7. HP: 41/51 MP: 13/13
  2920 | D:5      | Entered Level 5 of the Dungeon
  2928 | D:5      | Reached skill level 5 in Long Blades
  2928 | D:5      | Reached skill level 5 in Translocations
  3041 | D:5      | Noticed Blork the orc
  3050 | D:5      | Killed Blork the orc
  3051 | D:5      | Reached XP level 8. HP: 57/57 MP: 14/14
  3165 | D:5      | Reached skill level 6 in Long Blades
  3257 | D:5      | Reached skill level 6 in Translocations
  3672 | D:6      | Noticed a two-headed ogre
  3678 | D:6      | Killed from afar by an acid dragon

Illustrated notes

Levels and vault maps discovered:
D:1:      psy_arrival_conway, layout_loops_corners
D:2:      layout_basic, basic_altar, chequers_ecumenical_altar_twisty,
          uniq_jessica
D:3:      minmay_diamond_boxcup, layout_rooms
D:4:      layout_basic, uniq_edmund
D:5:      layout_basic, uniq_blork_the_orc
D:6:      layout_cave_pools

Skill      XL: |  1  2  3  4  5  6  7  8 |
---------------+-------------------------+-----
Translocations | 3 4 5 6 |  6.2
Spellcasting   | 3 4 |  4.0
Long Blades    | 3 4 5 6 |  6.5
Fighting       | |  2.4
Throwing       | |  1.1
Armour         | |  1.3
Dodging        | |  1.8

Action                     |  1- 3 |  4- 6 |  7- 9 || total
---------------------------+-------+-------+-------++-------
  Melee: Falchion          |    26 |       |       ||    26
         Short sword       |    69 |   115 |   109 ||   293
  Throw: Dart              |       |       |     2 ||     2
    Use: Potion            |       |       |     1 ||     1
 Armour: Leather armour    |    24 |       |       ||    24
         Ring mail         |    28 |    29 |       ||    57
         Scale mail        |       |    24 |    73 ||    97
  Dodge: Dodged            |    42 |    49 |    50 ||   141

Table legend: (Time is in decaauts)
 A = Elapsed time spent in this place.
 B = Non-inter-level travel time spent in this place.
 C = Inter-level travel time spent in this place.
 D = Time resting spent in this place.
 E = Time spent auto-exploring this place.
 F = Levels seen in this place.
 G = Mean time per level.
                   A        B        C        D        E       F      G
               +--------+--------+--------+--------+--------+-----+--------+
         Total |   3653 |   3492 |    161 |     57 |   2663 |   6 |  608.8 |
       Dungeon |   3653 |   3492 |    161 |     57 |   2663 |   6 |  608.8 |
               +--------+--------+--------+--------+--------+-----+--------+

Top non-repeatable levels by time:
     D:2: 916 daAuts
     D:1: 880 daAuts
     D:5: 666 daAuts
     D:4: 640 daAuts
     D:3: 474 daAuts
     D:6: 76 daAuts
